 Dungeon Crawl Stone Soup version 0.28-a0-385-g79de503ca0 (webtiles) character file.

Game seed: 15484068289241564397

77 GordonOverkill the Grave Robber (level 4, -3/19 HPs)
             Began as a Felid Necromancer on Sept 3, 2021.
             Was an Initiate of Okawaru.
             Slain by a centaur (4 damage)
             ... on level 4 of the Dungeon.
             The game lasted 00:06:16 (7012 turns).

GordonOverkill the Grave Robber (Felid Necromancer) Turns: 7012, Time: 00:06:17

Health: -3/19      AC:  1    Str:  4    XL:     4   Next: 14%
Magic:  0/8        EV: 17    Int: 18    God:    Okawaru [......]
Gold:   147        SH:  0    Dex: 16    Spells: 3/7 levels left
                                        Lives:  0   Deaths: 1

rFire   . . .      SeeInvis +     - Unarmed
rCold   . . .      Faith    .   (shield unavailable)
rNeg    . . .      Spirit   .   (armour unavailable)
rPois   .          Reflect  .   (helmet unavailable)
rElec   .          Harm     .   (cloak unavailable)
rCorr   .          Rampage  .   (gloves unavailable)
Will    .....                   (boots unavailable)
Stlth   ++........              (no amulet)
HPRegen 0.06/turn               e - +4 ring of slaying
MPRegen 0.11/turn               (no ring)

@: quick
A: very small, claws 1, fangs 3, see invisible, speed 1, shaggy fur 1, stealthy
paws, no weapons or thrown items, no armour, multi-lived
a: Renounce Religion


You were on level 4 of the Dungeon.
You worshipped Okawaru.
Okawaru was noncommittal.
You visited 1 branch of the dungeon, and saw 4 of its levels.

You collected 173 gold pieces.
You spent 26 gold pieces at shops.

Inventory:

Jewellery
 c - a ring of ice
 e - a +4 ring of slaying (left paw)
Wands
 j - a wand of polymorph (8)
Scrolls
 a - a scroll of magic mapping {unknown}
 b - 2 scrolls of amnesia
 d - a scroll of enchant armour {unknown}
 f - a scroll of brand weapon {unknown}
 k - a scroll of fear {unknown}
 m - a scroll of immolation {unknown}
Potions
 g - 2 potions of heal wounds
 h - a potion of mutation
 i - a potion of attraction {unknown}
 l - a potion of flight {unknown}


   Skills:
 + Level 2.2 Fighting
 - Level 2.6 Dodging
 - Level 2.6 Stealth
 * Level 3.5 Unarmed Combat
 - Level 2.0 Spellcasting
 - Level 4.0 Necromancy
 + Level 1.6 Invocations


You had 3 spell levels left.
You knew the following spells:

 Your Spells              Type           Power      Damage    Failure   Level
a - Pain                  Necr           64%        1d7       3%          1
b - Vampiric Draining     Necr           8%         2d7       11%         3

Your spell library contained the following spells:

 Spells                   Type           Power      Damage    Failure   Level
 Ensorcelled Hibernation  Hex/Ice        2%         N/A       26%         2
 Ignite Poison            Fire/Tmut/Pois 1%         N/A       47%         3
 Mephitic Cloud           Conj/Pois/Air  1%         N/A       47%         3
 Spider Form              Tmut/Pois      0%         N/A       47%         3
 Agony                    Necr           16%        N/A       67%         5
 Bolt of Magma            Conj/Fire/Erth 0%         4d4       99%         5
 Animate Skeleton         Necr           Unusable   N/A       N/A         1
 Animate Dead             Necr           Unusable   N/A       N/A         4

Dungeon Overview and Level Annotations

Branches:
Dungeon (4/15)
 Temple: D:4-7

Altars:
Okawaru

Shops:
D:2 ?

Annotations:
D:3 Grinder


Innate Abilities, Weirdness & Mutations

You have sharp claws.
You have razor-sharp teeth.
You have supernaturally acute eyesight. (SInv)
You cover ground quickly. (Speed+)
You are covered in fur. (AC +1)
Your paws help you pounce on unaware monsters.
You are incapable of wielding weapons or throwing items.
You cannot wear armour.
You gain extra lives every three experience levels.


Message History

Press: ? - help, Shift-Dir - straight line, f - centaur
Aim: a centaur, quivering arrows You draw life force from the centaur!
You feel life coursing into your body. The centaur hits you.
* * * LOW HITPOINT WARNING * * *
The centaur completely misses you.
Casting: Vampiric Draining (extremely dangerous; 11% risk of failure)
Confirm with . or Enter, or press ? or * to list all spells.
The spell is extremely dangerous to cast (11% risk of failure)!
Continue anyway?
Aiming: Vampiric Draining (extremely dangerous; 11% risk of failure)
Press: ? - help, Shift-Dir - straight line, f/p - centaur
Aim: a centaur, quivering arrows (heavily wounded)
You draw life force from the centaur.
You feel life coursing into your body. The centaur completely misses you.
The centaur kicks you.
* * * LOW HITPOINT WARNING * * *
The centaur hits you.
* * * LOW HITPOINT WARNING * * *
The centaur kicks you.
* * * LOW HITPOINT WARNING * * *
Casting: Vampiric Draining (extremely dangerous; 11% risk of failure)
Confirm with . or Enter, or press ? or * to list all spells.
You don't have enough magic to cast this spell.
A centaur is nearby!
Unknown command.
Unknown command.
Casting: Vampiric Draining (extremely dangerous; 11% risk of failure)
Confirm with . or Enter, or press ? or * to list all spells.
Aiming: Pain (safe; 3% risk of failure)
Press: ? - help, Shift-Dir - straight line, f/p - centaur
Aim: a centaur, quivering arrows (severely wounded, chance to affect: 75%)
The centaur struggles to resist.
The centaur hits you.
* * * LOW HITPOINT WARNING * * *
The centaur misses you.
Casting: Pain (safe; 3% risk of failure)
Confirm with . or Enter, or press ? or * to list all spells.
Aiming: Pain (safe; 3% risk of failure)
Press: ? - help, Shift-Dir - straight line, f/p - centaur
Aim: a centaur, quivering arrows (severely wounded, chance to affect: 75%)
The centaur writhes in agony.
The centaur hits you.
You die...

.............###..#
.................####
..........##......(.###
......................#
......................#
..........###........#
........### #........#
........# #........#
........# #...@c...#
###....## #.......## #
###..# #.......# # ####
#....##..# ..# ######
#.# ...# #.# ....# .#
...## . ...#


You could see a centaur.

Vanquished Creatures
  A scorpion (D:4)
  Jessica (D:3)
  2 adders (D:3)
  A worm (D:2)
  3 orcs
  2 endoplasms
  3 giant cockroaches (D:1)
  4 goblins
  10 hobgoblins
  2 quokkas
  5 bats
  4 frilled lizards
  5 kobolds
  4 rats
  A bush (D:1)
48 creatures vanquished.

Vanquished Creatures (others)
  2 plants (D:1)
2 creatures vanquished.

Grand Total: 50 creatures vanquished

Notes
Turn   | Place    | Note
-------+----------+-------------------------------------------
     0 | D:1      | GordonOverkill the Felid Necromancer began the quest for
                  | the Orb.
     0 | D:1      | Reached XP level 1. HP: 7/7 MP: 4/4
   444 | D:1      | Reached skill level 1 in Unarmed Combat
   807 | D:1      | Reached XP level 2. HP: 11/12 MP: 3/6
  1463 | D:1      | Reached skill level 1 in Fighting
  3036 | D:2      | Found an iron altar of Okawaru.
  3103 | D:2      | Reached XP level 3. HP: 9/15 MP: 2/7
  3373 | D:2      | Became a worshipper of Warmaster Okawaru
  3615 | D:2      | Found Rohames's Magic Scroll Boutique.
  3624 | D:2      | Bought a scroll of identify for 26 gold pieces
  3629 | D:2      | Learned a level 3 spell: Vampiric Draining
  4319 | D:2      | Found Rohames's Magic Scroll Boutique.
  4391 | D:2      | Found an iron altar of Okawaru.
  5380 | D:3      | Noticed Grinder
  5838 | D:3      | Noticed Jessica
  5841 | D:3      | Killed Jessica
  5842 | D:3      | Reached skill level 1 in Invocations
  5842 | D:3      | Reached XP level 4. HP: 19/19 MP: 8/8
  6000 | D:3      | Noticed Grinder
  6000 | D:3      | Grinder changed into Grinder the chaos spawn
  6047 | D:4      | Noticed a scorpion
  6048 | D:4      | Killed a scorpion
  6049 | D:4      | Reached XP level 5. HP: 22/22 MP: 9/9
  6869 | D:4      | Killed from afar by an orc priest
  6870 | D:4      | Reached XP level 4. HP: -1/19 MP: 8/8
  6997 | D:4      | Noticed a centaur
  7012 | D:4      | Slain by a centaur

Illustrated notes

Levels and vault maps discovered:
D:1:      amcnicky_arrival_gap_in_the_tavern_cellar, layout_basic,
          serial_forest, infiniplex_forest_straight_4,
          infiniplex_forest_zigzag_1, infiniplex_forest_straight_2,
          infiniplex_forest_end_2, infiniplex_forest_clump_long
D:2:      layout_loops_cross, basic_altar, serial_shops, shop_fountains,
          minivault_4
D:3:      layout_loops_cross, uniq_jessica, uniq_grinder
D:4:      layout_cave_pods

Skill      XL: |  1  2  3  4 |
---------------+-------------+-----
Unarmed Combat | 1 2 3 |  3.5
Fighting       | 1 2 |  2.2
Invocations    | 1 |  1.6
Dodging        | |  2.6
Stealth        | |  2.6
Spellcasting   | |  2.0
Necromancy     | |  4.0

Action                   |  1- 3 |  4- 6 || total
-------------------------+-------+-------++-------
Melee: Unarmed           |   357 |     1 ||   358
       Bite              |    43 |       ||    43
       Punch             |     1 |       ||     1
 Cast: Pain              |    90 |    15 ||   105
       Vampiric Draining |       |     4 ||     4
Evoke: Wand              |       |     1 ||     1
  Use: Scroll            |     3 |       ||     3
       Potion            |     1 |       ||     1
 Stab: Sleeping          |     4 |     1 ||     5
Armor: Skin              |     1 |       ||     1
Dodge: Dodged            |    12 |    12 ||    24

Table legend: (Time is in decaauts)
 A = Elapsed time spent in this place.
 B = Non-inter-level travel time spent in this place.
 C = Inter-level travel time spent in this place.
 D = Time resting spent in this place.
 E = Time spent auto-exploring this place.
 F = Levels seen in this place.
 G = Mean time per level.
                   A        B        C        D        E       F      G
               +--------+--------+--------+--------+--------+-----+--------+
         Total |   6351 |   6040 |    311 |   3188 |   2055 |   4 | 1587.8 |
       Dungeon |   6351 |   6040 |    311 |   3188 |   2055 |   4 | 1587.8 |
               +--------+--------+--------+--------+--------+-----+--------+

Top non-repeatable levels by time:
     D:1: 2745 daAuts
     D:3: 1859 daAuts
     D:2: 1597 daAuts
     D:4: 148 daAuts
